Cogmind - Beta 13 @@@ ROGUE MODE // 2024.04.15 @ 23:50:59 Player: scumgirle Result: Self-destructed Performance ------------- Evolutions (1) 500 Regions Visited (3) 600 Robots Destroyed (3) 15 Value Destroyed (102) 102 Prototype IDs (1) 20 Alien Tech Used (0) 0 Bonus (200) 200 TOTAL SCORE: 1437 Bonus ------- Pacifist 200 Cogmind --------- Core Integrity 346/400 Matter 285/300 Energy 250/250 System Corruption 0% Temperature Cool (0) Movement Rolling (86) Location -9/Materials Parts ------- > --- POWER (1) -------- Ion Engine > --- PROPULSION (3) --- Wheel Wheel Compact Wheel > --- UTILITY (3) ------ Small Storage Unit ECM Suite Hardened Light Armor Plating > --- WEAPON (2) ------- Light Assault Rifle Light Assault Rifle > --- INVENTORY (8) ---- Ion Engine Compact Wheel Compact Wheel Experimental Sensor Array Targeting Computer Small Laser Improved Medium Laser Improved Medium Laser Peak State ------------ > --- POWER ------------ Ion Engine > --- PROPULSION ------- Wheel Wheel Compact Wheel > --- UTILITY ---------- Small Storage Unit ECM Suite Hardened Light Armor Plating > --- WEAPON ----------- Light Assault Rifle Light Assault Rifle > --- INVENTORY -------- Ion Engine Compact Wheel Compact Wheel Experimental Sensor Array Targeting Computer Small Laser Improved Medium Laser Improved Medium Laser [Rating: 12] Favorites ----------- Power Ion Engine Engine Ion Engine Propulsion Wheel Leg Aluminum Leg Wheel Wheel Utility Small Storage Unit Device ECM Suite Storage Small Storage Unit Protection Hardened Light Armor Plating Weapon Light Assault Rifle Ballistic Gun Light Assault Rifle Build | -11 -10 -10 -9 ------- Run | Yrd Mat Min Mat Slots Evolved 2 | . . . 2 Power . | . . . . Propulsion 1 | . . . 1 Utility 1 | . . . 1 Weapon . | . . . . Parts Attached 13 | 8 1 2 2 Power 1 | 1 . . . Engine 1 | 1 . . . Core . | . . . . Reactor . | . . . . Propulsion 7 | 4 . 2 1 Treads . | . . . . Leg 2 | 2 . . . Wheel 5 | 2 . 2 1 Hover . | . . . . Flight . | . . . . Utility 3 | 1 1 . 1 Device 1 | . 1 . . Storage 1 | 1 . . . Processor . | . . . . Hackware . | . . . . Protection 1 | . . . 1 Artifact . | . . . . Weapon 2 | 2 . . . Energy Gun . | . . . . Energy Cannon . | . . . . Ballistic Gun 2 | 2 . . . Ballistic Cannon . | . . . . Launcher . | . . . . Special Weapon . | . . . . Impact Weapon . | . . . . Slashing Weapon . | . . . . Piercing Weapon . | . . . . Special Melee Weapon . | . . . . Unidentified Prototypes . | . . . . Parts Lost . | . . . . Power . | . . . . Propulsion . | . . . . Utility . | . . . . Weapon . | . . . . Highest Loss Streak . | . . . . To Critical Strikes . | . . . . Average Slot Usage (%) 98 | . 97 98 98 Engine 12 | . 14 14 11 Wheel 30 | . 28 26 33 Device 11 | . 12 14 11 Storage 12 | . 14 14 11 Protection 6 | . . . 10 Ballistic Gun 24 | . 28 28 22 Naked Turns . | . . . . Heaviest Build 19 | 12 14 14 19 Greatest Support 36 | 20 20 20 36 Greatest Overweight (x) 4 | 3 . 4 . Average Overweight (x) . | . . . . Largest Inventory Capacity 8 | 8 8 8 8 Average Capacity 7 | 7 8 8 8 Most Carried 8 | 3 8 8 8 Average Carried 6 | . 4 7 7 Final Capacity 8 | 8 8 8 8 Final Carried 8 | 3 8 7 8 Class Distribution -------------------- 100% | Mutant Dominant Class ---------------- Mutant | -10/Materials Mutant | -10/Mines Mutant | -9/Materials Resources | -11 -10 -10 -9 ----------- Run | Yrd Mat Min Mat Matter Collected 354 | 222 . . 132 Remotely . | . . . . Salvage Created 132 | . . . 132 Parts 6 | . . . 6 Haulers Intercepted . | . . . . Recyclers Shooed . | . . . . Parts Field Recycled . | . . . . Retrieved Matter . | . . . . Parts Self-Destructed . | . . . . Prevented . | . . . . Kills | -11 -10 -10 -9 ------- Run | Yrd Mat Min Mat Combat Hostiles Destroyed 3 | . . . 3 Guns 3 | . . . 3 Classes Destroyed 1 | . . . 1 Grunt 3 | . . . 3 Best Kill Streak 3 | . . . 3 Combat Bots Only 3 | . . . 3 Max Kills in Single Turn 1 | . . . 1 Gunslinging . | . . . . Exploded . | . . . . Melee . | . . . . Uniques/NPCs Destroyed . | . . . . Combat | -11 -10 -10 -9 -------- Run | Yrd Mat Min Mat Hostile Shots Fired 21 | . 2 . 19 Missed 6 | . . . 6 Damage Taken 169 | . 25 . 144 Core 54 | . . . 54 Absorbed by Shields . | . . . . Core Remaining (%) 100 | 100 . 100 . Volleys Fired 17 | . 2 . 15 Largest 2 | . 2 . 2 Hottest 40 | . 40 . 40 Shots Fired 34 | . 4 . 30 Gun 34 | . 4 . 30 Cannon . | . . . . Launcher . | . . . . Special . | . . . . Kinetic 34 | . 4 . 30 Thermal . | . . . . Explosive . | . . . . Electromagnetic . | . . . . Robot Hit Streak 12 | . 2 . 12 Robot Miss Streak 2 | . 1 . 2 Penetration Max . | . . . . Secondary Targets . | . . . . Shots Hit Robots 25 | . 3 . 22 Core Hits 8 | . 2 . 6 Critical Kills . | . . . . Critical Parts Destroyed . | . . . . Critical Strikes . | . . . . Melee Attacks . | . . . . Impact . | . . . . Slashing . | . . . . Piercing . | . . . . Sneak Attacks . | . . . . Combat Hostiles . | . . . . Follow-up Attacks . | . . . . Damage Inflicted 213 | . 24 . 189 Guns 213 | . 24 . 189 Cannons . | . . . . Explosions . | . . . . Melee . | . . . . Ramming . | . . . . Kinetic 213 | . 24 . 189 Thermal . | . . . . Explosive . | . . . . Electromagnetic . | . . . . Impact . | . . . . Slashing . | . . . . Piercing . | . . . . Highest Corruption 1 | . 1 1 . Average Corruption 1 | . 1 1 . Corruption Purged . | . . . . Corruption Blocked . | . . . . Effects 3 | . 1 2 . Message Errors 2 | . 1 1 . Matter Fused 1 | . . 1 . Overload Shots . | . . . . Overflow Damage . | . . . . Projectiles . | . . . . Explosions . | . . . . Melee . | . . . . Knockbacks . | . . . . Impact . | . . . . Kinetic . | . . . . Secondary . | . . . . Self-Inflicted Damage . | . . . . Shots . | . . . . Rammed . | . . . . Targets Rammed . | . . . . Kicked . | . . . . Crushed . | . . . . Highest Temperature 22 | . . . 22 Average Temperature 8 | . . . 8 Received Heat Transfer 93 | . 15 . 78 Siege Activations . | . . . . Robots Corrupted . | . . . . Combat Hostiles . | . . . . Parts Fried . | . . . . Impact Corruptions . | . . . . Robots Melted . | . . . . Combat Hostiles . | . . . . Parts Melted . | . . . . Heat Transferred . | . . . . Parts Sabotaged . | . . . . Parts Stolen . | . . . . Parts Stripped . | . . . . Power Chain Reactions . | . . . . Alert | -11 -10 -10 -9 ------- Run | Yrd Mat Min Mat Peak Influence 171 | . 56 21 171 Initial 21 | . . 21 7 Average 55 | . 28 21 83 Maximum Alert Level . | . . . . Low Security (%) 100 | 100 100 100 100 Level 1 . | . . . . Level 2 . | . . . . Level 3 . | . . . . Level 4 . | . . . . Level 5 . | . . . . High Security . | . . . . Max Security . | . . . . Squads Dispatched 5 | . 2 . 3 Investigation 2 | . . . 2 Extermination . | . . . . Reinforcement 3 | . 2 . 1 Assault . | . . . . Garrison . | . . . . Intercept . | . . . . Searches Triggered . | . . . . Construction Impeded . | . . . . Haulers Reinforced . | . . . . Active Scanning Responses . | . . . . Cargo Convoy Interrupts . | . . . . Stealth | -11 -10 -10 -9 --------- Run | Yrd Mat Min Mat Distress Signals 1 | . 1 . . Communications Jammed . | . . . . Distress Signals . | . . . . Times Spotted 23 | . 7 . 16 Peak Tracking Total 6 | . 5 . 6 Tactical Retreats 3 | . 1 . 2 Traps | -11 -10 -10 -9 ------- Run | Yrd Mat Min Mat Traps Triggered 1 | . 1 . . Indirectly . | . . . . Trap Hack Attempts . | . . . . Triggered . | . . . . Disarmed 5 | . . . 5 Reprogrammed . | . . . . Reused . | . . . . Traps Extracted . | . . . . Installed . | . . . . Triggered . | . . . . Machines | -11 -10 -10 -9 ---------- Run | Yrd Mat Min Mat Machines Disabled . | . . . . Max in Single Turn . | . . . . Machines Repaired . | . . . . Machines Dismantled . | . . . . Machines Sabotaged . | . . . . Overloaded Fab Kills . | . . . . Hacking | -11 -10 -10 -9 --------- Run | Yrd Mat Min Mat Machines Accessed 3 | . 1 . 2 Terminals 2 | . 1 . 1 Fabricators . | . . . . Repair Stations . | . . . . Recycling Units . | . . . . Scanalyzers 1 | . . . 1 Garrison Access . | . . . . Total Hacks 21 | . 7 . 14 Successful 13 | . 4 . 9 Failed 8 | . 3 . 5 Catastrophic . | . . . . Database Lockouts . | . . . . Manual . | . . . . Terminals 18 | . 7 . 11 Fabricators . | . . . . Repair Stations . | . . . . Recycling Units . | . . . . Scanalyzers 3 | . . . 3 Garrison Access . | . . . . Terminal Hacks 12 | . 4 . 8 Record 3 | . 1 . 2 Emergency Access Points 2 | . 1 . 1 Terminal Index 1 | . 1 . . Locate Traps 1 | . . . 1 Disarm Traps 3 | . . . 3 Surveillance Status 2 | . 1 . 1 Fabricator Hacks . | . . . . Repair Station Hacks . | . . . . Recycling Unit Hacks . | . . . . Scanalyzer 1 | . . . 1 Insert Component 1 | . . . 1 Garrison Access Hacks . | . . . . Unauthorized Hacks . | . . . . Terminals . | . . . . Fabricators . | . . . . Repair Stations . | . . . . Recycling Units . | . . . . Scanalyzers . | . . . . Garrison Access . | . . . . Data Cores Recovered . | . . . . Used . | . . . . Hacking Detections 2 | . . . 2 Full Trace Events 2 | . . . 2 Feedback Events . | . . . . Feedback Blocked . | . . . . Robot Schematics Acquired . | . . . . Robots Built . | . . . . Authchips . | . . . . Time . | . . . . Total Robot Build Rating . | . . . . Part Schematics Acquired . | . . . . Parts Built . | . . . . Authchips . | . . . . Time . | . . . . Total Part Build Rating . | . . . . Parts Repaired . | . . . . Time . | . . . . Parts Recycled . | . . . . Recycled Matter . | . . . . Retrieved Matter . | . . . . Retrieved Components . | . . . . Parts Scanalyzed . | . . . . Part Schematics Acquired . | . . . . Parts Damaged . | . . . . Bothacking | -11 -10 -10 -9 ------------ Run | Yrd Mat Min Mat Used RIF Installer . | . . . . Robots Hacked . | . . . . Non-combat . | . . . . Combat . | . . . . Robot Hacks Applied . | . . . . Relay Couplers Released . | . . . . Fabnet Peak Effective % . | . . . . Robots Rewired . | . . . . Allies Hacked . | . . . . Hacks Repelled . | . . . . Allies | -11 -10 -10 -9 -------- Run | Yrd Mat Min Mat Total Allies . | . . . . Largest Group . | . . . . Highest-Rated Group . | . . . . Highest-Rated Ally . | . . . . Total Orders . | . . . . Ally Attacks . | . . . . Total Damage . | . . . . Kills . | . . . . Allies Corrupted . | . . . . Allies Melted . | . . . . Intel | -11 -10 -10 -9 ------- Run | Yrd Mat Min Mat Robot Analysis Total . | . . . . Derelict Logs Recovered 1 | . . 1 . Drone Launches . | . . . . Drone Recoveries . | . . . . Exploration | -11 -10 -10 -9 ------------- Run | Yrd Mat Min Mat Turns Passed 807 | 70 76 210 451 Spaces Moved 595 | 53 81 213 248 Core 12 | 10 . 2 . Treads . | . . . . Legs 17 | 17 . . . Wheels 566 | 26 81 211 248 Hover . | . . . . Flight . | . . . . Fastest Speed 50 | 50 80 80 86 Average Speed 85 | 105 80 81 86 Slowest Speed 250 | 200 80 250 86 Overloaded Moves . | . . . . Propulsion Burnouts . | . . . . Robots Hopped . | . . . . Cave-ins Triggered . | . . . . Exploration Rate (%) 27 | 3 20 65 20 Regions Visited 3 Branch Regions 1 Pre-discovered Areas . | . . . . Known Exits Taken . | . . . . Unknown Exits Taken 3 | 1 1 1 . Scrap Searched . | . . . . Spaces Dug . | . . . . Terrain Destroyed . | . . . . Melee . | . . . . Projectile . | . . . . AOE . | . . . . Terrain Rammed . | . . . . Walls Destroyed . | . . . . Machines Disabled . | . . . . Actions | -11 -10 -10 -9 --------- Run | Yrd Mat Min Mat Total 862 | 63 88 250 461 Wait 223 | . . 29 194 Move 592 | 52 80 212 248 Hop . | . . . . Pick Up 11 | 1 5 3 2 Fast Attach 10 | 8 1 . 1 Attach 3 | . . 2 1 Detach 2 | 2 . . . Swap . | . . . . Drop 4 | . . 4 . Fire 17 | . 2 . 15 Melee . | . . . . Ram . | . . . . Kick . | . . . . Crush . | . . . . Escape Stasis . | . . . . Rewire . | . . . . Trap . | . . . . Miscellaneous . | . . . . Route ------- -11/Scrapyard -10/Materials -10/Mines -9/Materials History --------- Turn | Location | Event 11 | -11/Scrapyard | Discovered new exit (range 15) 71 | -11/Scrapyard | Entered Materials 131 | -10/Materials | Discovered new exit (range 14) 147 | -10/Materials | Entered Mines 158 | -10/Mines | Learned Materials terminal intel 163 | -10/Mines | Met a Derelict bent on vengeance 171 | -10/Mines | Found a damaged Exp. Sensor Array with a note attached 187 | -10/Mines | Found Prototype Device 301 | -10/Mines | Build established: Mutant 345 | -10/Mines | Discovered new exit (range 15) 357 | -10/Mines | Entered Materials 357 | -9/Materials | Evolved 2 slots: Propulsion x1, Utility x1 358 | -9/Materials | Loaded intel: 12 terminal locations 808 | -9/Materials | Self-destructed Last Messages --------------- 4x Alarm Trap Map updated. >>Traps(Disarm) Disarmed 4 Alarm Traps. >>Traps(Disarm) Disarmed 1 Shock Trap. >>Traps(Disarm) No traps found in local area. >>Enumerate(Surveillance) Retrieving latest reported positions... Found 5 active surveillance squads. Downloaded coordinate data. >>Query(Earth) Third planet from the Sun in the [Solar System]. Terrestrial homeworld of [Human] civilization. By the late 21st century that civilization drained the planet's resources and destabilized the environment to the point that global-scale technology was necessary to maintain an increasingly fragile planet. 00645_ ALERT: Suspicious activity at Terminal M010. Dispatching Investigation squad. Map ----- +----------------------------------------------------+ | | | | | ?????????????????????????????????????????????????? | | ?????????????????????????????????????????????????? | | ??????""?????????????????????????????????????????? | | ??????"T?????????????????????????????????????????? | | ??????""?????????????????????????????????????????? | | ?????????????????????????????????????????????????? | | ?????????????????????????????????????????????????? | | ??????? ????? ??????????????????????????????? | | ??????? ????? ??????????????????????????????? | | ?????????????? ??????????????????????????????? | | ?????????????? ??????????????????????????????? | | ??????????????# #??????????????????????????????? | | ??????????????# #??????????????????????????????? | | ??????????????# #??????????????????????????????? | | ??????????????# #??????????????????????????????? | | ??????????????# #??????????????????????????????? | | ??????????????# #??????????????????????????????? | | ??????????????# #??????????????????????????????? | | ??????????????# #??????###########?????????????? | | ??????????????# #??????# #?????#####???? | | ??????????????# #??????# #?????# ##### | | ??????????????#g g######## #?????# # " | | ??????????????# # #?????# # "" | | ??????????????# g g @ #?????# # "" | | ??????????????# g gk # !! % #?????# # | | ??????????????## ####/##+# !! #?????# + | | ???????????????# T# # !! #?????# # """ | | ???????????????# ## ###########?????# # """ | | ???????????????# ## #???????????????# # """ | | ???????????????# ## #???????????????# # | | ???????????????# ## #???????????????# ##### | | ???????????????# ## #???????????????# #???? | | ???????????????# ## #???????????????# #???? | | ???????????????# ## #???????????????# #???? | | ???????????????# ## #???????????????## ###### | | ???????????????# ## ] #????????????????#!#* | | ???????????????# ## !#????????#####???# +== | | ???# "" #######+###+############## #####[#""" | | ???# T + + *#""" | | ???# ##### """ ### ######### ##/####""" | | ?????????????# """ #?# #????#####+## ## | | ?????????????# """ #?# #????# # ####### | | ?????????????# """ #?# #????# """ # #?????? | | ?????????????# """ #?# #????#[ """ # #?????? | | ?????????????# #?# #????# """ # #?????? | | ?????????????# #?# #????# #[ #?????? | | ?????????????# #?# #????# # ! #?????? | | ?????????????#####+###### #############[! #?????? | +----------------------------------------------------+ Best States ------------- Heat Dissipation 28 Energy Generation 10 Energy Capacity 250 Matter Stores 285 Matter Capacity 300 Sight Range 16 Terrain Scan Density 10 ECM Strength 1 Armor Coverage 150 Evasion (%) 45 Item Schematics ----------------- None Robot Schematics ------------------ None Fabricated ------------ Nothing Alien Tech Used ----------------- None Achievements -------------- Safety First Challenges ------------ None Game ------ Seed CobblerGravityChronowheel Manual? 0 Play Time 00:10:24 Cumulative 1.3 hours Start 2024.04.15 @ 23:43:45 End 2024.04.15 @ 23:50:59 Sessions 1 Manual Loads 0 Difficulty Rogue Special Mode None Game No. 5 Rogue 5 Adventurer 0 Explorer 0 Win Type - Total 0 Types 0/0/0/0/0/0/0/0/0 Lore% 1 Gallery% 5 Achievement% 5 Wizard Run 0 Options --------- Layout 0 ASCII 0 Keyboard 1 Movement Numpad Keybinds 0 Fullscreen 1 Font 14/SmallcapsGlow Map View 72x54 Zoom Use 0% Tactical HUD 1 Map Filters NONE Filters NONE Steam 0 RUN: 4c8db39b-f8df-4bbb-82a8-f89b145557c3